 Dungeon Crawl Stone Soup version 0.29.0-4-gdea44cf6ec (webtiles) character file.

Game seed: 11253281793473290608

31099 qw the Brawler (level 13, -1/127 HPs)
             Began as a Troll Cinder Acolyte on Aug 31, 2022.
             Was a Follower of Okawaru.
             Slain by a death yak (17 damage)
             ... on level 4 of the Lair of Beasts.
             The game lasted 00:07:49 (13265 turns).

qw the Brawler (Troll Cinder Acolyte)              Turns: 13265, Time: 00:07:50

Health: -1/127     AC:  7    Str: 35    XL:     13   Next: 24%
Magic:  10/13      EV: 10    Int: 10    God:    Okawaru [*.....]
Gold:   903        SH:  0    Dex:  5    Spells: 14/14 levels left

rFire   . . .      SeeInvis +     - Unarmed
rCold   . . .      Faith    .   (no shield)
rNeg    . . .      Spirit   .   q - +0 troll leather armour
rPois   +          Reflect  .   (helmet restricted)
rElec   .          Harm     .   (no cloak)
rCorr   .          Rampage  .   (gloves unavailable)
Will    .....                   (boots unavailable)
Stlth   ++........              (no amulet)
HPRegen 1.91/turn               g - ring of poison resistance
MPRegen 0.13/turn               l - +6 ring of strength

@: heroic, fire susceptible
A: large, unfitting armour, claws 3, regeneration 1, shaggy fur 1, tough skin 1,
see invisible, subdued magic 1
a: Renounce Religion, Heroism


You were on level 4 of the Lair of Beasts.
You worshipped Okawaru.
Okawaru was aware of your devotion.
You visited 2 branches of the dungeon, and saw 14 of its levels.
You also visited: Sewer.

You collected 903 gold pieces.


Innate Abilities, Weirdness & Mutations

You are too large for most types of armour.
You have claws for hands.
Your natural rate of healing is unusually fast.
You are covered in fur. (AC +1)
You have tough skin. (AC +1)
You have supernaturally acute eyesight. (SInv)
Your spells are a little easier to cast, but a little less powerful.


   Skills:
 - Level 8.1(13.1) Fighting
 - Level 8.0(13.0) Throwing
 - Level 2.0(7.0) Armour
 - Level 2.0(7.0) Dodging
 + Level 18.5(23.5) Unarmed Combat
 - Level 1.0 Spellcasting
 - Level 2.1 Fire Magic
 + Level 0.0 Invocations


You had 14 spell levels left.
You didn't know any spells.
Your spell library contained the following spells:

 Spells                   Type           Power      Damage    Failure   Level
 Scorch                   Fire           6%         2d5       19%         2

Inventory:

Missiles
 a - 8 boomerangs
 o - 5 large rocks (quivered)
 s - 4 javelins
Armour
 q - a +0 troll leather armour (worn)
Jewellery
 g - a ring of poison resistance (left claw)
 j - a +6 ring of dexterity
 l - a +6 ring of strength (right claw)
Scrolls
 d - 8 scrolls of identify
 h - 3 scrolls of teleportation
 r - 2 scrolls of enchant armour
Potions
 b - 2 potions of heal wounds
 c - 3 potions of might
 f - 4 potions of curing
 i - a potion of resistance
 k - a potion of cancellation
 m - 2 potions of haste
 p - 2 potions of mutation

Dungeon Overview and Level Annotations

Branches:
Dungeon (10/15)            Temple (0/1) D:7            Lair (4/5) D:10
 Shoals (0/4) Lair:3        Snake (0/4) Lair:2          Orc (0/2) D:10
  Sewer (visited)
  Slime: Lair:4-5

Altars:
Cheibriados
Dithmenos
Elyvilon
Gozag
Kikubaaqudgha
Makhleb
Nemelex Xobeh
Okawaru
Ru
Sif Muna
Trog
Uskayaw
Wu Jian
The Shining One

Shops:
D:4 (

Annotations:
D:1 2 transporters
D:7 2 transporters, qw's ghost, novice TeWr
D:9 1 runed translucent door, qw's ghost, journeyman TrCA
D:10 3 runed translucent doors, qw's ghost, journeyman TrCA


Message History

The death yak bellows!
The death yak gores you!!
You mangle the death yak!!
You kill the death yak!
Okawaru accepts your kill.
You can now gain great but temporary skills.
13251 ||| INVOKING Heroism.
You gain the combat prowess of a mighty hero.
13252 ||| Stepping ~*~*~tactically~*~*~ (outnumbered).
13253 ||| Stepping ~*~*~tactically~*~*~ (outnumbered).
The death yak attacks as you move away! The death yak gores you!!
13254 ||| Stepping ~*~*~tactically~*~*~ (outnumbered).
13255 ||| Stepping ~*~*~tactically~*~*~ (outnumbered).
The komodo dragon attacks as you move away!
The komodo dragon bites you!! The death yak attacks as you move away!
The death yak closely misses you.
13256 ||| Stepping ~*~*~tactically~*~*~ (outnumbered).
13257 ||| Stepping ~*~*~tactically~*~*~ (outnumbered).
The death yak attacks as you move away! The death yak gores you.
13258 ||| Stepping ~*~*~tactically~*~*~ (outnumbered).
13259 ||| Stepping ~*~*~tactically~*~*~ (outnumbered).
The death yak attacks as you move away! The death yak gores you.
13260 ||| Stepping ~*~*~tactically~*~*~ (outnumbered).
You feel like a meek peon again.
13261 ||| INVOKING Heroism.
You gain the combat prowess of a mighty hero.
The death yak gores you!! The komodo dragon bites you!!
13262 ||| Stepping ~*~*~tactically~*~*~ (outnumbered).
13263 ||| Stepping ~*~*~tactically~*~*~ (outnumbered).
An elephant comes into view.
13264 ||| Stepping ~*~*~tactically~*~*~ (outnumbered). 3 elephants come into view.
The elephant trumpets! x2; You hear a trumpeting!
An elephant comes into view.
The elephant moves out of view.
13265 ||| Stepping ~*~*~tactically~*~*~ (outnumbered).
The komodo dragon attacks as you move away!
The komodo dragon bites you!! The death yak attacks as you move away!
The death yak gores you!
You die...

.....#........
#...........#.. ..#..#
##.......#....... ......
....#...#........ ..Y..#
........^..#....##......
%.........##..........YY
#..P...................Y
%%......##..............
...............l@# ...
...............Y##....
.......................
...##........Y.........
...#.......)Y..........
....P..................
.......................
....................#P.
.................P.....


You could see 3 death yaks, 4 elephants and a komodo dragon.

Vanquished Creatures
  2 hydras
  Erica (D:9)
  3 two-headed ogres
  A death yak (Lair:4)
  Amaemon (D:9)
  3 lindwurms (Lair:3)
  Pikel (D:6)
  A torpor snail (Lair:2)
  2 black mambas
  An orange demon (D:9)
  A gargoyle (D:10)
  9 cane toads
  4 rime drakes
  A komodo dragon (Lair:3)
  A queen bee (Lair:2)
  4 meliai (Lair:2)
  3 trolls
  2 hornets
  3 blink frogs (Lair:3)
  2 dream sheep (Lair:2)
  2 shadows
  A vampire (D:9)
  8 wyverns
  33 yaks
  4 basilisks
  A steam dragon (D:10)
  3 vampire mosquitoes (D:10)
  Menkaure (D:7)
  9 water moccasins
  Duvessa (D:6)
  7 orc warriors
  A sky beast (D:8)
  2 swamp drakes (D:10)
  5 black bears
  14 wolves
  2 ogres
  7 centaurs
  2 lemures (D:6)
  4 kobold brigands
  Blork the orc (D:4)
  A scorpion (D:10)
  6 bullfrogs
  13 wights (D:7)
  Dowan (D:6)
  36 killer bees
  A howler monkey (D:6)
  6 hounds
  4 orc priests
  7 iguanas
  10 orc wizards
  3 hell rats (Lair:2)
  3 gnolls (D:5)
  16 adders
  15 river rats
  A shadow imp (D:6)
  3 white imps
  2 ufetubi
  2 worms
  A dart slug (D:3)
  40 orcs
  4 bats
  2 endoplasms
  4 giant cockroaches
  7 hobgoblins
  2 jackals (D:4)
  24 kobolds
  3 quokkas
  5 ball pythons
  A frilled lizard (D:2)
  5 goblins
  32 rats
414 creatures vanquished.

Vanquished Creatures (others)
  A human (D:7)
  A bush (D:10)
  8 fungi
  42 plants
52 creatures vanquished.

Grand Total: 466 creatures vanquished

Notes
Turn   | Place    | Note
-------+----------+-------------------------------------------
     0 | D:1      | qw the Troll Cinder Acolyte began the quest for the Orb.
     0 | D:1      | Reached XP level 1. HP: 22/22 MP: 1/1
     0 | D:1      | 0 ||| qw: Version: 0.1-a-97-g2dd2ca4
     0 | D:1      | 0 ||| qw: Game counter: 4616
     0 | D:1      | 0 ||| qw: Always use a shield: true
     0 | D:1      | 0 ||| qw: God list: Okawaru
     0 | D:1      | 0 ||| qw: Allow faded altars: false
     0 | D:1      | 0 ||| qw: Do Orc after D:15 true
     0 | D:1      | 0 ||| qw: Do second Lair branch before Depths: true
     0 | D:1      | 0 ||| qw: Lair rune preference: random
     0 | D:1      | 0 ||| qw: Plans: Normal
     0 | D:1      | 0 ||| PLANNING D:1-11
   341 | D:1      | Reached XP level 2. HP: 29/29 MP: 2/2
   705 | D:1      | 705 ||| UPGRADING to ring of poison resistance.
   706 | D:1      | 706 ||| READING 2 scrolls labelled MAETWI CABRIUC.
   707 | D:1      | 707 ||| READING 2 scrolls labelled RULLAALIEGH.
   708 | D:1      | 708 ||| DROPPING scroll of noise.
   864 | D:2      | Reached skill level 4 in Unarmed Combat
   873 | D:2      | Reached XP level 3. HP: 36/36 MP: 3/3
  1122 | D:2      | Found a faded altar of an unknown god.
  1654 | D:2      | 1654 ||| READING scroll labelled AVAEJ XYNKUIRO.
  1774 | D:3      | 1774 ||| Stepping ~*~*~tactically~*~*~ (hiding).
  2134 | D:3      | 2134 ||| DROPPING scarf of invisibility.
  2135 | D:3      | 2135 ||| UPGRADING to +6 ring of dexterity.
  2136 | D:3      | 2136 ||| READING scroll labelled GATEBES BEJEMN.
  2137 | D:3      | 2137 ||| DRINKING 2 murky red potions.
  2238 | D:3      | 2238 ||| DROPPING potion of ambrosia.
  2282 | D:4      | Reached skill level 5 in Unarmed Combat
  2282 | D:4      | Reached XP level 4. HP: 44/44 MP: 4/4
  2508 | D:4      | Reached skill level 1 in Dodging
  2509 | D:4      | Found Rawkatro's Antique Weapon Emporium.
  2517 | D:4      | 2517 ||| Stepping ~*~*~tactically~*~*~ (stealth).
  2519 | D:4      | 2519 ||| UPGRADING to +6 ring of strength.
  2533 | D:4      | 2533 ||| Stepping ~*~*~tactically~*~*~ (stealth).
  2549 | D:4      | Reached XP level 5. HP: 38/50 MP: 5/5
  2587 | D:4      | Noticed Blork the orc
  2588 | D:4      | 2588 ||| Stepping ~*~*~tactically~*~*~ (hiding).
  2596 | D:4      | Killed Blork the orc
  2597 | D:4      | Reached skill level 6 in Unarmed Combat
  2878 | D:5      | Entered Level 5 of the Dungeon
  2879 | D:5      | 2879 ||| PLANNING SEWER
  2885 | D:5      | 2885 ||| Stepping ~*~*~tactically~*~*~ (stealth).
  2981 | D:5      | 2981 ||| Stepping ~*~*~tactically~*~*~ (stealth).
  2983 | D:5      | 2983 ||| Stepping ~*~*~tactically~*~*~ (stealth).
  2987 | D:5      | 2987 ||| Stepping ~*~*~tactically~*~*~ (outnumbered).
  3000 | D:5      | Reached XP level 6. HP: 57/59 MP: 6/6
  3023 | D:5      | 3023 ||| INVOKING Fiery Armour.
  3092 | D:5      | Found a glowing drain.
  3093 | D:5      | 3093 ||| READING scroll labelled XIUWNY VYESUE.
  3094 | D:5      | 3094 ||| READING scroll labelled ILAPHIG ONGUUPH.
  3105 | D:5      | Reached skill level 7 in Unarmed Combat
  3113 | D:5      | 3113 ||| Stepping ~*~*~tactically~*~*~ (outnumbered).
  3115 | D:5      | 3115 ||| Stepping ~*~*~tactically~*~*~ (outnumbered).
  3134 | Sewer    | Entered a sewer
  3163 | Sewer    | 3163 ||| Stepping ~*~*~tactically~*~*~ (outnumbered).
  3165 | Sewer    | 3165 ||| Stepping ~*~*~tactically~*~*~ (outnumbered).
  3167 | Sewer    | 3167 ||| Stepping ~*~*~tactically~*~*~ (outnumbered).
  3168 | Sewer    | 3168 ||| Stepping ~*~*~tactically~*~*~ (outnumbered).
  3324 | Sewer    | 3324 ||| INVOKING Fiery Armour.
  3328 | Sewer    | Reached XP level 7. HP: 66/66 MP: 7/7
  3385 | Sewer    | Reached skill level 8 in Unarmed Combat
  3417 | Sewer    | 3417 ||| Stepping ~*~*~tactically~*~*~ (stealth).
  3425 | Sewer    | 3425 ||| Stepping ~*~*~tactically~*~*~ (stealth).
  3438 | Sewer    | 3438 ||| Stepping ~*~*~tactically~*~*~ (stealth).
  3439 | Sewer    | 3439 ||| Stepping ~*~*~tactically~*~*~ (stealth).
  3455 | Sewer    | 3455 ||| Stepping ~*~*~tactically~*~*~ (stealth).
  3462 | Sewer    | Reached skill level 3 in Fighting
  3547 | Sewer    | 3547 ||| Stepping ~*~*~tactically~*~*~ (stealth).
  3569 | Sewer    | 3569 ||| Stepping ~*~*~tactically~*~*~ (outnumbered).
  3570 | Sewer    | 3570 ||| Stepping ~*~*~tactically~*~*~ (outnumbered).
  3571 | Sewer    | 3571 ||| Stepping ~*~*~tactically~*~*~ (outnumbered).
  3598 | Sewer    | 3598 ||| Stepping ~*~*~tactically~*~*~ (outnumbered).
  3601 | Sewer    | 3601 ||| Stepping ~*~*~tactically~*~*~ (outnumbered).
  3603 | Sewer    | 3603 ||| Stepping ~*~*~tactically~*~*~ (outnumbered).
  3604 | Sewer    | 3604 ||| Stepping ~*~*~tactically~*~*~ (outnumbered).
  3800 | Sewer    | 3800 ||| DRINKING 4 emerald potions.
  3801 | Sewer    | 3801 ||| DRINKING 2 bubbling puce potions.
  3802 | Sewer    | 3802 ||| DRINKING 2 yellow potions.
  3803 | Sewer    | 3803 ||| DRINKING 2 fuming pink potions.
  3804 | Sewer    | 3804 ||| DROPPING potion of brilliance.
  3805 | Sewer    | 3805 ||| DROPPING potion of magic.
  3831 | D:5      | 3831 ||| PLANNING D:1-11
  3947 | D:5      | HP: 10/67 [ogre/+0 giant spiked club (26)]
  3948 | D:5      | 3948 ||| READING 2 scrolls of teleportation.
  3949 | D:5      | 3949 ||| DRINKING 3 potions of heal wounds.
  3950 | D:5      | 3950 ||| DRINKING 2 potions of heal wounds.
  3965 | D:5      | 3965 ||| Stepping ~*~*~tactically~*~*~ (stealth).
  4044 | D:5      | Found a sparkling altar of Nemelex Xobeh.
  4135 | D:5      | Found an opulent altar of Gozag.
  4158 | D:5      | 4158 ||| Stepping ~*~*~tactically~*~*~ (stealth).
  4169 | D:5      | Reached skill level 9 in Unarmed Combat
  4219 | D:5      | 4219 ||| READING scroll labelled JOIGHY ADOGG.
  4251 | D:5      | 4251 ||| DRINKING 2 fizzy green potions.
  4252 | D:5      | 4252 ||| DRINKING 2 inky potions.
  4253 | D:5      | 4253 ||| DRINKING 2 brown potions.
  4253 | D:5      | Gained mutation: Your spells are a little easier to cast,
                  | but a little less powerful. [potion of mutation]
  4253 | D:5      | Gained mutation: You have supernaturally acute eyesight.
                  | (SInv) [potion of mutation]
  4254 | D:5      | 4254 ||| READING 2 scrolls of identify.
  4254 | D:5      | 4254 ||| IDENTIFYING bubbling purple potion
  4255 | D:5      | 4255 ||| DROPPING potion of flight.
  4357 | D:6      | 4357 ||| Stepping ~*~*~tactically~*~*~ (stealth).
  4362 | D:6      | 4362 ||| Stepping ~*~*~tactically~*~*~ (stealth).
  4468 | D:6      | Noticed Dowan
  4468 | D:6      | Noticed Duvessa
  4469 | D:6      | 4469 ||| INVOKING Fiery Armour.
  4472 | D:6      | Killed Dowan
  4473 | D:6      | Reached XP level 8. HP: 75/75 MP: 8/8
  4477 | D:6      | Killed Duvessa
  4564 | D:6      | Reached skill level 10 in Unarmed Combat
  4676 | D:6      | Found a sacrificial altar of Ru.
  4840 | D:6      | Noticed Pikel
  4844 | D:6      | 4844 ||| Stepping ~*~*~tactically~*~*~ (outnumbered).
  4845 | D:6      | 4845 ||| Stepping ~*~*~tactically~*~*~ (outnumbered).
  4846 | D:6      | 4846 ||| Stepping ~*~*~tactically~*~*~ (outnumbered).
  4847 | D:6      | 4847 ||| Stepping ~*~*~tactically~*~*~ (outnumbered).
  4848 | D:6      | 4848 ||| Stepping ~*~*~tactically~*~*~ (outnumbered).
  4849 | D:6      | 4849 ||| Stepping ~*~*~tactically~*~*~ (outnumbered).
  4851 | D:6      | 4851 ||| Stepping ~*~*~tactically~*~*~ (outnumbered).
  4860 | D:6      | 4860 ||| FLEEEEING.
  4866 | D:6      | Killed Pikel
  4867 | D:6      | Reached skill level 11 in Unarmed Combat
  5064 | D:6      | Reached XP level 9. HP: 84/84 MP: 9/9
  5173 | D:6      | 5173 ||| Stepping ~*~*~tactically~*~*~ (stealth).
  5175 | D:6      | 5175 ||| Stepping ~*~*~tactically~*~*~ (stealth).
  5184 | D:6      | 5184 ||| Stepping ~*~*~tactically~*~*~ (outnumbered).
  5330 | D:6      | 5330 ||| READING scroll labelled XOEWKA LONN.
  5331 | D:6      | 5331 ||| DRINKING 2 pink potions.
  5332 | D:6      | 5332 ||| DROPPING potion of attraction.
  5387 | D:7      | 5387 ||| PLANNING OSSUARY
  5393 | D:7      | 5393 ||| Stepping ~*~*~tactically~*~*~ (stealth).
  5470 | D:7      | Found a snail-covered altar of Cheibriados.
  5471 | D:7      | 5471 ||| READING 2 scrolls of teleportation.
  5497 | D:7      | Noticed Menkaure
  5502 | D:7      | Killed Menkaure
  5503 | D:7      | Reached skill level 12 in Unarmed Combat
  5520 | D:7      | 5520 ||| Stepping ~*~*~tactically~*~*~ (hiding).
  5726 | D:7      | Found a shimmering blue altar of Sif Muna.
  5790 | D:7      | Found a staircase to the Ecumenical Temple.
  5846 | D:7      | Found a bloodstained altar of Trog.
  5846 | D:7      | Noticed qw's ghost (novice TeWr)
  5846 | D:7      | Noticed a two-headed ogre
  5846 | D:7      | Noticed a moth of wrath
  5847 | D:7      | Found a transporter.
  5866 | D:7      | Found a transporter.
  5897 | D:7      | 5897 ||| Stepping ~*~*~tactically~*~*~ (stealth).
  5904 | D:7      | 5904 ||| Stepping ~*~*~tactically~*~*~ (outnumbered).
  5917 | D:7      | Reached skill level 1 in Throwing
  6045 | D:7      | 6045 ||| RIP OSSUARY
  6088 | D:7      | 6088 ||| PLANNING D:1-11
  6121 | D:7      | 6121 ||| Stepping ~*~*~tactically~*~*~ (outnumbered).
  6123 | D:7      | 6123 ||| FLEEEEING.
  6124 | D:7      | 6124 ||| FLEEEEING.
  6125 | D:7      | 6125 ||| FLEEEEING.
  6126 | D:7      | 6126 ||| FLEEEEING.
  6127 | D:7      | 6127 ||| FLEEEEING.
  6128 | D:7      | 6128 ||| FLEEEEING.
  6129 | D:7      | 6129 ||| FLEEEEING.
  6130 | D:7      | 6130 ||| FLEEEEING.
  6131 | D:7      | 6131 ||| FLEEEEING.
  6132 | D:7      | 6132 ||| FLEEEEING.
  6133 | D:7      | 6133 ||| FLEEEEING.
  6134 | D:7      | 6134 ||| FLEEEEING.
  6135 | D:7      | 6135 ||| FLEEEEING.
  6136 | D:7      | 6136 ||| FLEEEEING.
  6137 | D:7      | 6137 ||| FLEEEEING.
  6138 | D:7      | 6138 ||| FLEEEEING.
  6139 | D:7      | 6139 ||| FLEEEEING.
  6140 | D:7      | 6140 ||| FLEEEEING.
  6141 | D:7      | 6141 ||| FLEEEEING.
  6142 | D:7      | 6142 ||| FLEEEEING.
  6143 | D:7      | 6143 ||| FLEEEEING.
  6144 | D:7      | 6144 ||| FLEEEEING.
  6145 | D:7      | 6145 ||| FLEEEEING.
  6146 | D:7      | 6146 ||| FLEEEEING.
  6147 | D:7      | 6147 ||| FLEEEEING.
  6148 | D:7      | 6148 ||| FLEEEEING.
  6149 | D:7      | 6149 ||| FLEEEEING.
  6150 | D:7      | 6150 ||| FLEEEEING.
  6189 | D:7      | Found an ancient bone altar of Kikubaaqudgha.
  6330 | D:7      | 6330 ||| UPGRADING to +0 robe of cold resistance.
  6340 | D:7      | 6340 ||| DROPPING +0 robe.
  6341 | D:7      | 6341 ||| DROPPING ring of positive energy.
  6342 | D:7      | 6342 ||| READING scroll labelled ENTANA NOAMIMO.
  6343 | D:7      | 6343 ||| READING scroll labelled TAITSEA OHEICEOF.
  6344 | D:7      | 6344 ||| DRINKING 2 fizzy orange potions.
  6345 | D:7      | 6345 ||| READING 2 scrolls of identify.
  6345 | D:7      | 6345 ||| IDENTIFYING smoky black potion
  6346 | D:7      | 6346 ||| DROPPING potion of berserk rage.
  6347 | D:7      | 6347 ||| READING 2 scrolls of teleportation.
  6439 | D:6      | 6439 ||| Stepping ~*~*~tactically~*~*~ (stealth).
  6504 | D:7      | 6504 ||| READING scroll of teleportation.
  6505 | D:7      | 6505 ||| STAIRDANCE
  6527 | D:7      | 6527 ||| Stepping randomly (stuck).
  6555 | D:8      | Reached skill level 3 in Throwing
  6555 | D:8      | 6555 ||| STAIRDANCE
  6587 | D:8      | Found an iron altar of Okawaru.
  6612 | D:8      | 6612 ||| FLEEEEING.
  6613 | D:8      | 6613 ||| FLEEEEING.
  6614 | D:8      | 6614 ||| FLEEEEING.
  6615 | D:8      | 6615 ||| FLEEEEING.
  6616 | D:8      | 6616 ||| FLEEEEING.
  6617 | D:8      | 6617 ||| FLEEEEING.
  6618 | D:8      | 6618 ||| FLEEEEING.
  6619 | D:8      | 6619 ||| FLEEEEING.
  6620 | D:8      | 6620 ||| FLEEEEING.
  6621 | D:8      | 6621 ||| FLEEEEING.
  6622 | D:8      | 6622 ||| FLEEEEING.
  6623 | D:8      | 6623 ||| FLEEEEING.
  6624 | D:8      | 6624 ||| FLEEEEING.
  6625 | D:8      | 6625 ||| FLEEEEING.
  6626 | D:8      | 6626 ||| FLEEEEING.
  6627 | D:8      | 6627 ||| FLEEEEING.
  6628 | D:8      | 6628 ||| FLEEEEING.
  6629 | D:8      | 6629 ||| FLEEEEING.
  6630 | D:8      | 6630 ||| FLEEEEING.
  6631 | D:8      | 6631 ||| FLEEEEING.
  6634 | D:8      | 6634 ||| Stepping ~*~*~tactically~*~*~ (outnumbered).
  6635 | D:8      | 6635 ||| Stepping ~*~*~tactically~*~*~ (outnumbered).
  6636 | D:8      | 6636 ||| INVOKING Fiery Armour.
  6637 | D:8      | 6637 ||| Stepping ~*~*~tactically~*~*~ (outnumbered).
  6638 | D:8      | 6638 ||| STAIRDANCE
  6640 | D:7      | 6640 ||| Stepping ~*~*~tactically~*~*~ (outnumbered).
  6643 | D:7      | HP: 19/88 [yak (5)]
  6644 | D:7      | 6644 ||| DRINKING 2 potions of heal wounds.
  6646 | D:7      | Reached XP level 10. HP: 45/96 MP: 10/10
  6649 | D:7      | Reached skill level 13 in Unarmed Combat
  6721 | D:8      | 6721 ||| Stepping ~*~*~tactically~*~*~ (stealth).
  6726 | D:8      | 6726 ||| Stepping ~*~*~tactically~*~*~ (stealth).
  6728 | D:8      | 6728 ||| Stepping ~*~*~tactically~*~*~ (stealth).
  6731 | D:8      | 6731 ||| Stepping ~*~*~tactically~*~*~ (hiding).
  6736 | D:8      | 6736 ||| Stepping ~*~*~tactically~*~*~ (hiding).
  6743 | D:8      | 6743 ||| Stepping ~*~*~tactically~*~*~ (stealth).
  6747 | D:8      | 6747 ||| Stepping ~*~*~tactically~*~*~ (stealth).
  6834 | D:8      | Found a hide-covered altar of Uskayaw.
  6929 | D:8      | Found a bloodstained altar of Trog.
  6965 | D:8      | Found a glowing golden altar of the Shining One.
  7060 | D:8      | 7060 ||| Stepping ~*~*~tactically~*~*~ (hiding).
  7061 | D:8      | 7061 ||| Stepping ~*~*~tactically~*~*~ (hiding).
  7063 | D:8      | 7063 ||| Stepping ~*~*~tactically~*~*~ (hiding).
  7268 | D:8      | 7268 ||| DROPPING +6 ring of intelligence.
  7269 | D:8      | 7269 ||| DRINKING 2 bubbling pink potions.
  7270 | D:8      | 7270 ||| READING 3 scrolls of identify.
  7270 | D:8      | 7270 ||| IDENTIFYING amethyst potion
  7271 | D:8      | 7271 ||| DROPPING potion of invisibility.
  7316 | D:9      | 7316 ||| STAIRDANCE
  7337 | D:9      | 7337 ||| STAIRDANCE
  7339 | D:8      | 7339 ||| Stepping ~*~*~tactically~*~*~ (outnumbered).
  7340 | D:8      | 7340 ||| Stepping ~*~*~tactically~*~*~ (outnumbered).
  7341 | D:8      | 7341 ||| Stepping ~*~*~tactically~*~*~ (outnumbered).
  7342 | D:8      | 7342 ||| Stepping ~*~*~tactically~*~*~ (outnumbered).
  7343 | D:8      | 7343 ||| Stepping ~*~*~tactically~*~*~ (outnumbered).
  7389 | D:9      | Identified the +0 plate armour of Qazlal's Grace {rPois}
  7406 | D:9      | Found a burning altar of Makhleb.
  7408 | D:9      | Noticed an Executioner
  7419 | D:9      | Noticed Erica
  7420 | D:9      | 7420 ||| INVOKING Fiery Armour.
  7428 | D:9      | 7428 ||| FLEEEEING.
  7429 | D:9      | 7429 ||| DRINKING 2 potions of curing.
  7429 | D:9      | 7429 ||| (to cure confusion)
  7430 | D:9      | 7430 ||| FLEEEEING.
  7431 | D:9      | 7431 ||| FLEEEEING.
  7437 | D:9      | 7437 ||| Stepping ~*~*~tactically~*~*~ (hiding).
  7443 | D:9      | Killed Erica
  7444 | D:9      | Reached skill level 14 in Unarmed Combat
  7585 | D:9      | 7585 ||| INVOKING Fiery Armour.
  7676 | D:9      | Noticed an ice statue
  7748 | D:9      | Noticed a two-headed ogre
  7755 | D:9      | 7755 ||| Stepping ~*~*~tactically~*~*~ (outnumbered).
  7757 | D:9      | 7757 ||| Stepping ~*~*~tactically~*~*~ (outnumbered).
  7758 | D:9      | 7758 ||| Stepping ~*~*~tactically~*~*~ (outnumbered).
  7759 | D:9      | Killed a two-headed ogre
  7760 | D:9      | Reached skill level 6 in Fighting
  7856 | D:9      | 7856 ||| Stepping ~*~*~tactically~*~*~ (stealth).
  7858 | D:9      | 7858 ||| Stepping ~*~*~tactically~*~*~ (stealth).
  7868 | D:9      | 7868 ||| Stepping ~*~*~tactically~*~*~ (outnumbered).
  7986 | D:9      | Found a runed translucent door.
  7990 | D:9      | Noticed qw's ghost (journeyman TrCA)
  8009 | D:9      | Noticed an orange demon
  8016 | D:9      | Killed an orange demon
  8017 | D:9      | Reached skill level 15 in Unarmed Combat
  8017 | D:9      | Reached XP level 11. HP: 95/105 MP: 11/11
  8128 | D:9      | Noticed Amaemon
  8134 | D:9      | Killed Amaemon
  8369 | D:9      | 8369 ||| INVOKING Fiery Armour.
  8433 | D:9      | 8433 ||| DROPPING +2 robe of positive energy.
  8434 | D:9      | 8434 ||| UPGRADING to +0 troll leather armour.
  8444 | D:9      | 8444 ||| DROPPING +0 robe of cold resistance.
  8445 | D:9      | 8445 ||| UPGRADING to amulet of guardian spirit.
  8450 | D:9      | 8450 ||| DROPPING ring of magical power.
  8466 | D:10     | Entered Level 10 of the Dungeon
  8466 | D:10     | Noticed a two-headed ogre
  8472 | D:10     | 8472 ||| STAIRDANCE
  8474 | D:9      | Killed a two-headed ogre
  8504 | D:10     | Noticed a two-headed ogre
  8505 | D:10     | 8505 ||| STAIRDANCE
  8546 | D:10     | 8546 ||| INVOKING Fiery Armour.
  8549 | D:10     | Killed a two-headed ogre
  8550 | D:10     | 8550 ||| STAIRDANCE
  8690 | D:10     | Found a runed translucent gate.
  8705 | D:10     | 8705 ||| Stepping ~*~*~tactically~*~*~ (stealth).
  8713 | D:10     | 8713 ||| Stepping ~*~*~tactically~*~*~ (stealth).
  8715 | D:10     | 8715 ||| Stepping ~*~*~tactically~*~*~ (hiding).
  8774 | D:10     | 8774 ||| Stepping ~*~*~tactically~*~*~ (stealth).
  8799 | D:10     | 8799 ||| Stepping ~*~*~tactically~*~*~ (stealth).
  8834 | D:10     | 8834 ||| DRINKING 2 potions of curing.
  8834 | D:10     | 8834 ||| (to cure confusion)
  8867 | D:10     | 8867 ||| Stepping ~*~*~tactically~*~*~ (stealth).
  8886 | D:10     | Found a runed translucent gate.
  8886 | D:10     | Found a runed translucent gate.
  8889 | D:10     | Found an opulent altar of Gozag.
  8889 | D:10     | Noticed a centaur warrior
  8889 | D:10     | Noticed qw's ghost (journeyman TrCA)
  8890 | D:10     | Noticed a boulder beetle
  8893 | D:10     | 8893 ||| Stepping ~*~*~tactically~*~*~ (stealth).
  8933 | D:10     | 8933 ||| Stepping ~*~*~tactically~*~*~ (hiding).
  8934 | D:10     | 8934 ||| Stepping ~*~*~tactically~*~*~ (hiding).
  9058 | D:10     | Found an ornate altar of the Wu Jian Council.
  9094 | D:10     | 9094 ||| Stepping ~*~*~tactically~*~*~ (stealth).
  9096 | D:10     | 9096 ||| Stepping ~*~*~tactically~*~*~ (hiding).
  9119 | D:10     | 9119 ||| Stepping ~*~*~tactically~*~*~ (hiding).
  9121 | D:10     | 9121 ||| Stepping ~*~*~tactically~*~*~ (hiding).
  9137 | D:10     | 9137 ||| Stepping ~*~*~tactically~*~*~ (hiding).
  9151 | D:10     | 9151 ||| Stepping ~*~*~tactically~*~*~ (outnumbered).
  9160 | D:10     | 9160 ||| FLEEEEING.
  9161 | D:10     | 9161 ||| FLEEEEING.
  9162 | D:10     | 9162 ||| FLEEEEING.
  9163 | D:10     | 9163 ||| FLEEEEING.
  9164 | D:10     | 9164 ||| FLEEEEING.
  9165 | D:10     | 9165 ||| FLEEEEING.
  9166 | D:10     | 9166 ||| FLEEEEING.
  9167 | D:10     | 9167 ||| FLEEEEING.
  9168 | D:10     | 9168 ||| FLEEEEING.
  9169 | D:10     | 9169 ||| FLEEEEING.
  9170 | D:10     | 9170 ||| FLEEEEING.
  9234 | D:10     | Found a staircase to the Orcish Mines.
  9337 | D:10     | 9337 ||| Stepping ~*~*~tactically~*~*~ (stealth).
  9338 | D:10     | 9338 ||| Stepping ~*~*~tactically~*~*~ (stealth).
  9340 | D:10     | 9340 ||| Stepping ~*~*~tactically~*~*~ (hiding).
  9351 | D:10     | Reached skill level 6 in Throwing
  9352 | D:10     | 9352 ||| Stepping ~*~*~tactically~*~*~ (stealth).
  9367 | D:10     | 9367 ||| FLEEEEING.
  9370 | D:10     | Reached skill level 16 in Unarmed Combat
  9373 | D:10     | 9373 ||| FLEEEEING.
  9374 | D:10     | 9374 ||| Stepping ~*~*~tactically~*~*~ (stealth).
  9375 | D:10     | 9375 ||| Stepping ~*~*~tactically~*~*~ (stealth).
  9378 | D:10     | 9378 ||| Stepping ~*~*~tactically~*~*~ (stealth).
  9385 | D:10     | 9385 ||| INVOKING Fiery Armour.
  9389 | D:10     | HP: 25/107 [centaur/arrow (8)]
  9390 | D:10     | 9390 ||| READING 2 scrolls of teleportation.
  9391 | D:10     | 9391 ||| Stepping ~*~*~tactically~*~*~ (outnumbered).
  9394 | D:10     | 9394 ||| DRINKING 3 potions of heal wounds.
  9528 | D:10     | Found a staircase to the Lair.
  9719 | D:10     | Found a shadowy altar of Dithmenos.
  9821 | D:10     | 9821 ||| READING 4 scrolls labelled BIRIHOYRCHA.
  9822 | D:10     | 9822 ||| PLANNING LAIR
  9922 | D:10     | 9922 ||| DROPPING 3 scrolls of silence.
  9945 | Lair:1   | Entered Level 1 of the Lair of Beasts
 10275 | Lair:1   | 10275 ||| Stepping ~*~*~tactically~*~*~ (stealth).
 10276 | Lair:1   | 10276 ||| Stepping ~*~*~tactically~*~*~ (stealth).
 10278 | Lair:1   | 10278 ||| Stepping ~*~*~tactically~*~*~ (stealth).
 10340 | Lair:1   | Noticed an eight-headed hydra
 10341 | Lair:1   | 10341 ||| INVOKING Fiery Armour.
 10345 | Lair:1   | Killed a nine-headed hydra
 10346 | Lair:1   | Reached XP level 12. HP: 118/118 MP: 12/12
 10392 | Lair:1   | 10392 ||| Stepping ~*~*~tactically~*~*~ (outnumbered).
 10403 | Lair:1   | HP: 28/118 [poisoned by a cane toad]
 10408 | Lair:1   | HP: 26/118 [poisoned by a cane toad]
 10536 | Lair:1   | 10536 ||| Stepping ~*~*~tactically~*~*~ (outnumbered).
 10813 | Lair:1   | 10813 ||| DROPPING ring of wizardry.
 10814 | Lair:1   | 10814 ||| READING scroll labelled HENOAC TIAHA.
 10815 | Lair:1   | 10815 ||| READING 6 scrolls of identify.
 10815 | Lair:1   | 10815 ||| IDENTIFYING metallic brown potion
 10816 | Lair:1   | 10816 ||| DROPPING potion of degeneration.
 10859 | Lair:2   | Found a staircase to the Snake Pit.
 10861 | Lair:2   | 10861 ||| STAIRDANCE
 10875 | Lair:2   | 10875 ||| STAIRDANCE
 10919 | Lair:2   | 10919 ||| STAIRDANCE
 10959 | Lair:2   | Found a white marble altar of Elyvilon.
 10991 | Lair:2   | 10991 ||| Stepping ~*~*~tactically~*~*~ (stealth).
 10992 | Lair:2   | 10992 ||| Stepping ~*~*~tactically~*~*~ (stealth).
 11017 | Lair:2   | 11017 ||| FLEEEEING.
 11079 | Lair:2   | 11079 ||| Stepping ~*~*~tactically~*~*~ (stealth).
 11129 | Lair:2   | You fall into a shaft and drop 1 floor!
 11187 | Lair:3   | 11187 ||| Stepping ~*~*~tactically~*~*~ (hiding).
 11194 | Lair:3   | Reached skill level 17 in Unarmed Combat
 11224 | Lair:2   | 11224 ||| FLEEEEING.
 11225 | Lair:2   | 11225 ||| FLEEEEING.
 11226 | Lair:2   | 11226 ||| FLEEEEING.
 11227 | Lair:2   | 11227 ||| FLEEEEING.
 11232 | Lair:2   | 11232 ||| Stepping ~*~*~tactically~*~*~ (outnumbered).
 11233 | Lair:2   | 11233 ||| Stepping ~*~*~tactically~*~*~ (outnumbered).
 11234 | Lair:2   | 11234 ||| Stepping ~*~*~tactically~*~*~ (outnumbered).
 11235 | Lair:2   | 11235 ||| Stepping ~*~*~tactically~*~*~ (outnumbered).
 11236 | Lair:2   | 11236 ||| Stepping ~*~*~tactically~*~*~ (outnumbered).
 11239 | Lair:2   | 11239 ||| Stepping ~*~*~tactically~*~*~ (outnumbered).
 11240 | Lair:2   | 11240 ||| Stepping ~*~*~tactically~*~*~ (outnumbered).
 11241 | Lair:2   | 11241 ||| Stepping ~*~*~tactically~*~*~ (outnumbered).
 11242 | Lair:2   | 11242 ||| Stepping ~*~*~tactically~*~*~ (outnumbered).
 11244 | Lair:2   | 11244 ||| Stepping ~*~*~tactically~*~*~ (outnumbered).
 11245 | Lair:2   | 11245 ||| Stepping ~*~*~tactically~*~*~ (outnumbered).
 11246 | Lair:2   | 11246 ||| Stepping ~*~*~tactically~*~*~ (outnumbered).
 11247 | Lair:2   | 11247 ||| Stepping ~*~*~tactically~*~*~ (outnumbered).
 11248 | Lair:2   | 11248 ||| Stepping ~*~*~tactically~*~*~ (outnumbered).
 11249 | Lair:2   | 11249 ||| Stepping ~*~*~tactically~*~*~ (outnumbered).
 11250 | Lair:2   | 11250 ||| Stepping ~*~*~tactically~*~*~ (outnumbered).
 11252 | Lair:2   | 11252 ||| Stepping ~*~*~tactically~*~*~ (outnumbered).
 11253 | Lair:2   | 11253 ||| Stepping ~*~*~tactically~*~*~ (outnumbered).
 11305 | Lair:2   | 11305 ||| Stepping ~*~*~tactically~*~*~ (stealth).
 11357 | Lair:2   | 11357 ||| Stepping ~*~*~tactically~*~*~ (stealth).
 11377 | Lair:2   | 11377 ||| Stepping ~*~*~tactically~*~*~ (stealth).
 11379 | Lair:2   | 11379 ||| Stepping ~*~*~tactically~*~*~ (stealth).
 11383 | Lair:2   | 11383 ||| Stepping ~*~*~tactically~*~*~ (hiding).
 11386 | Lair:2   | 11386 ||| Stepping ~*~*~tactically~*~*~ (stealth).
 11405 | Lair:2   | 11405 ||| Stepping ~*~*~tactically~*~*~ (stealth).
 11465 | Lair:2   | 11465 ||| Stepping ~*~*~tactically~*~*~ (hiding).
 11467 | Lair:2   | 11467 ||| INVOKING Fiery Armour.
 11472 | Lair:2   | 11472 ||| Stepping ~*~*~tactically~*~*~ (hiding).
 11473 | Lair:2   | 11473 ||| Stepping ~*~*~tactically~*~*~ (hiding).
 11523 | Lair:2   | 11523 ||| Stepping ~*~*~tactically~*~*~ (stealth).
 11613 | Lair:2   | Reached skill level 18 in Unarmed Combat
 11676 | Lair:2   | 11676 ||| Stepping ~*~*~tactically~*~*~ (stealth).
 11835 | Lair:2   | 11835 ||| Stepping ~*~*~tactically~*~*~ (stealth).
 11996 | Lair:2   | Found the +7 staff of the Meek {protect, meekguard}
 12265 | Lair:3   | Noticed a four-headed hydra
 12266 | Lair:3   | 12266 ||| INVOKING Fiery Armour.
 12267 | Lair:3   | 12267 ||| Stepping ~*~*~tactically~*~*~ (stealth).
 12268 | Lair:3   | 12268 ||| Stepping ~*~*~tactically~*~*~ (stealth).
 12271 | Lair:3   | Killed a six-headed hydra
 12272 | Lair:3   | 12272 ||| Stepping ~*~*~tactically~*~*~ (hiding).
 12273 | Lair:3   | 12273 ||| Stepping ~*~*~tactically~*~*~ (hiding).
 12274 | Lair:3   | 12274 ||| Stepping ~*~*~tactically~*~*~ (hiding).
 12277 | Lair:3   | 12277 ||| Stepping ~*~*~tactically~*~*~ (hiding).
 12292 | Lair:3   | Found a staircase to the Shoals.
 12380 | Lair:3   | Reached XP level 13. HP: 127/127 MP: 13/13
 12388 | Lair:3   | 12388 ||| INVOKING Fiery Armour.
 12626 | Lair:3   | 12626 ||| INVOKING Fiery Armour.
 12927 | Lair:3   | 12927 ||| PLANNING CONVERSION TO OKAWARU
 13021 | D:8      | Fell from the grace of Ignis
 13021 | D:8      | Became a worshipper of Warmaster Okawaru
 13022 | D:8      | 13022 ||| PLANNING LAIR
 13022 | D:8      | 13022 ||| REMOVING amulet of guardian spirit.
 13027 | D:8      | 13027 ||| DROPPING amulet of guardian spirit.
 13125 | Lair:4   | 13125 ||| Stepping ~*~*~tactically~*~*~ (stealth).
 13131 | Lair:4   | 13131 ||| Stepping ~*~*~tactically~*~*~ (stealth).
 13133 | Lair:4   | 13133 ||| Stepping ~*~*~tactically~*~*~ (outnumbered).
 13134 | Lair:4   | 13134 ||| Stepping ~*~*~tactically~*~*~ (outnumbered).
 13151 | Lair:4   | 13151 ||| Stepping ~*~*~tactically~*~*~ (stealth).
 13159 | Lair:4   | 13159 ||| Stepping ~*~*~tactically~*~*~ (outnumbered).
 13173 | Lair:4   | Reached * piety under Okawaru
 13174 | Lair:4   | 13174 ||| INVOKING Heroism.
 13245 | Lair:4   | 13245 ||| Stepping ~*~*~tactically~*~*~ (stealth).
 13248 | Lair:4   | 13248 ||| Stepping ~*~*~tactically~*~*~ (stealth).
 13251 | Lair:4   | 13251 ||| INVOKING Heroism.
 13252 | Lair:4   | 13252 ||| Stepping ~*~*~tactically~*~*~ (outnumbered).
 13253 | Lair:4   | 13253 ||| Stepping ~*~*~tactically~*~*~ (outnumbered).
 13254 | Lair:4   | 13254 ||| Stepping ~*~*~tactically~*~*~ (outnumbered).
 13255 | Lair:4   | 13255 ||| Stepping ~*~*~tactically~*~*~ (outnumbered).
 13256 | Lair:4   | 13256 ||| Stepping ~*~*~tactically~*~*~ (outnumbered).
 13257 | Lair:4   | 13257 ||| Stepping ~*~*~tactically~*~*~ (outnumbered).
 13258 | Lair:4   | 13258 ||| Stepping ~*~*~tactically~*~*~ (outnumbered).
 13259 | Lair:4   | 13259 ||| Stepping ~*~*~tactically~*~*~ (outnumbered).
 13260 | Lair:4   | 13260 ||| Stepping ~*~*~tactically~*~*~ (outnumbered).
 13261 | Lair:4   | 13261 ||| INVOKING Heroism.
 13262 | Lair:4   | 13262 ||| Stepping ~*~*~tactically~*~*~ (outnumbered).
 13263 | Lair:4   | 13263 ||| Stepping ~*~*~tactically~*~*~ (outnumbered).
 13264 | Lair:4   | 13264 ||| Stepping ~*~*~tactically~*~*~ (outnumbered).
 13265 | Lair:4   | 13265 ||| Stepping ~*~*~tactically~*~*~ (outnumbered).
 13265 | Lair:4   | HP: 16/127 [komodo dragon (28)]
 13265 | Lair:4   | Slain by a death yak

Levels and vault maps discovered:
D:1:      spicycebolla_arrival_transporter_tutorial, layout_basic
D:2:      layout_basic, hellmonk_ecumenical_altar_pennies_from_heaven
D:3:      layout_basic
D:4:      layout_basic, serial_shops, nicolae_diamond_shop, uniq_blork_the_orc
D:5:      layout_basic, grunt_gozag_statues, mainiacjoe_overflow_alcove_4,
          portal_sewer_entry_f
D:6:      layout_loops_corners, lemuel_tele_altar, grunt_ministairs_6,
          supply_closet_lemuel, minmay_misc_feat_roman, uniq_pikel, uniq_duvessa
D:7:      layout_loops_ring, cheibrodos_worm_habitat, tgw_kikubaaqudgha,
          mainiacjoe_overflow_24_doors, minmay_temple_entry_fiery,
          gammafunk_ghost_wrathful_warriors, chequers_ossuary_entry_cave,
          uniq_menkaure
D:8:      layout_rooms, okawaru_metal_pillars_3, mainiacjoe_overflow_catwalk,
          amcnicky_altar_gilded, nicolae_uskayaw_dance_hall
D:9:      lemuel_ice_statue, layout_small_grid, makhleb_altar_promises_db,
          ebering_ghost_reflecting_pool, enter_bailey_4, uniq_erica,
          uniq_amaemon
D:10:     layout_rooms, grunt_dithmenos_shadows,
          nicolae_wu_jian_immortal_techniques, minmay_lair_entry_grove,
          david_orc_4, ebering_ghost_gozag, pond
Lair:1:   layout_cave_pods
Lair:2:   regret_index_combs_of_tragedy, layout_hall_layers, basic_altar,
          kennysheep_abandoned_house
Lair:3:   layout_concentric_octagons, minmay_shoals_entry_centaurs,
          serial_bayou_pond_e, nicolae_lair_lindhole
Lair:4:   layout_cave_shapes, slime_entry_1

Skill      XL: |  1  2  3  4  5  6  7  8  9 10 11 12 13 |
---------------+----------------------------------------+-----
Unarmed Combat | 4 5 6 7 9 11 12 15 16 18 | 18.5
Dodging        | 1 2 |  2.0
Fighting       | 3 4 5 6 7 8 |  8.1
Throwing       | 3 7 8 |  8.0
Armour         | 2 |  2.0
Spellcasting   | |  1.0
Fire Magic     | |  2.1

Action                   |  1- 3 |  4- 6 |  7- 9 | 10-12 | 13-15 || total
-------------------------+-------+-------+-------+-------+-------++-------
Melee: Unarmed           |    85 |   115 |   284 |   453 |    54 ||   991
       Punch             |       |     3 |    16 |    19 |     2 ||    40
Throw: Javelin           |       |       |     9 |    36 |       ||    45
       Large rock        |       |       |       |    51 |     7 ||    58
       Boomerang         |       |       |       |     2 |       ||     2
Invok: Fiery Armour      |       |     2 |     2 |     8 |     2 ||    14
       Heroism           |       |       |       |       |     3 ||     3
  Use: Scroll            |     4 |     2 |    10 |     5 |       ||    21
       Potion            |     1 |       |    12 |     4 |       ||    17
Armor: Robe              |    23 |    17 |    61 |    23 |       ||   124
       Troll leather arm |       |       |       |   129 |    33 ||   162
Dodge: Dodged            |    23 |    36 |    77 |   196 |    15 ||   347

Table legend:
 A = Non-vault XP
 B = Vault XP
 C = Vault XP percentage of total XP
 D = Non-vault monster count
 E = Vault monster count
 F = Vault count percentage of total count
                 A         B        C        D         E       F
            +---------+---------+-------+---------+---------+-------
      Total |   27031 |   17397 |  39.2 |     225 |     187 |  45.4
            +---------+---------+-------+---------+---------+-------
        D:1 |      16 |       0 |   0.0 |      10 |       0 |   0.0
        D:2 |      40 |       0 |   0.0 |       9 |       0 |   0.0
        D:3 |      39 |       0 |   0.0 |       8 |       0 |   0.0
        D:4 |     114 |      94 |  45.2 |      17 |       1 |   5.6
        D:5 |     399 |       8 |   2.0 |      19 |       4 |  17.4
        D:6 |     864 |     927 |  51.8 |      20 |       5 |  20.0
        D:7 |    2140 |     177 |   7.6 |      33 |       2 |   5.7
        D:8 |    1167 |       0 |   0.0 |      18 |       0 |   0.0
        D:9 |    4234 |    2051 |  32.6 |      14 |       8 |  36.4
       D:10 |    3654 |    3869 |  51.4 |      22 |      37 |  62.7
     Lair:1 |    4748 |       0 |   0.0 |      20 |       0 |   0.0
     Lair:2 |    1963 |    7749 |  79.8 |       9 |      69 |  88.5
     Lair:3 |    3468 |    1965 |  36.2 |       8 |       7 |  46.7
     Lair:4 |    4185 |       0 |   0.0 |      18 |       0 |   0.0
      Sewer |       0 |     557 | 100.0 |       0 |      54 | 100.0
            +---------+---------+-------+---------+---------+-------
